 Dungeon Crawl Stone Soup version 0.28.0-53-g5a82cb258f (webtiles) character file.

Game seed: 11818999283701796982

1257 yokelz the Martial Artist (level 8, -3/54 HPs)
             Began as a Barachi Transmuter on Aug 6, 2022.
             Slain by a gnoll
             ... wielding a +0 halberd
              (5 damage)
             ... on level 5 of the Dungeon.
             The game lasted 00:08:53 (5320 turns).

yokelz the Martial Artist (Barachi Transmuter)      Turns: 5320, Time: 00:08:54

Health: -3/54      AC:  2    Str: 11    XL:     8   Next: 51%
Magic:  2/11       EV: 19    Int: 16    God:
Gold:   97         SH:  0    Dex: 18    Spells: 7/11 levels left

rFire   . . .      SeeInvis .     - Unarmed
rCold   . . .      Faith    .   (shield currently unavailable)
rNeg    . . .      Spirit   .   (armour currently unavailable)
rPois   x          Reflect  .   (helmet currently unavailable)
rElec   .          Harm     .   (cloak currently unavailable)
rCorr   .          Rampage  .   (gloves currently unavailable)
Will    .....                   (boots currently unavailable)
Stlth   +.........              (no amulet)
HPRegen 0.18/turn               (no ring)
MPRegen 0.12/turn               (no ring)

@: lit by a corona, spider-form (expiring), very slightly contaminated, glowing
A: venomous fangs, (amphibious), tiny, (slowness 1), (strong legs 1), +LOS
a: End Transformation


You were on level 5 of the Dungeon.
You were a venomous arachnid creature.
You visited 1 branch of the dungeon, and saw 6 of its levels.

You collected 97 gold pieces.

Inventory:

Hand Weapons
 e - a +0 whip
Missiles
 d - 64 stones
 m - 3 atropa-tipped darts
 q - a throwing net
Armour
 a - a +0 robe (melded)
Jewellery
 t - a ring of resist corrosion
Wands
 l - a wand of paralysis (6)
 p - a wand of flame (13)
Scrolls
 b - 3 scrolls of identify {unknown}
 g - 2 scrolls of blinking {unknown}
 h - a scroll of holy word {unknown}
 o - a scroll of summoning {unknown}
 r - a scroll of noise {unknown}
Potions
 c - a potion of curing
 f - a potion of haste {unknown}
 i - 2 potions of attraction {unknown}
 j - a potion of flight {unknown}
 k - a potion of invisibility {unknown}
 n - a potion of brilliance {unknown}
 s - a potion of berserk rage {unknown}


   Skills:
 - Level 1.2 Fighting
 - Level 2.1 Dodging
 + Level 10.7 Unarmed Combat
 - Level 2.1 Spellcasting
 - Level 4.5 Transmutations


You had 7 spell levels left.
You knew the following spells:

 Your Spells              Type           Power      Damage    Failure   Level
a - Beastly Appendage     Tmut           32%        N/A       11%         1
b - Spider Form           Tmut/Pois      8%         N/A       45%         3

Your spell library contained the following spells:

 Spells                   Type           Power      Damage    Failure   Level
 Wereblood                Tmut           16%        N/A       14%         2
 Tukima's Dance           Hex            1%         N/A       73%         3
 Ice Form                 Ice/Tmut       8%         N/A       82%         4
 Passage of Golubria      Tloc           1%         N/A       97%         4
 Yara's Violent Unravell  Hex/Tmut       4%         3d4       98%         5


Dungeon Overview and Level Annotations

Branches:
Dungeon (6/15)
 Temple: D:4-7

Altars:

Annotations:
D:4 Pikel
D:6 1 runed translucent door, Crazy Yiuf


Innate Abilities, Weirdness & Mutations

You are a venomous arachnid creature.
You have poisonous fangs.
You are tiny and dextrous.
Your spellcasting is less reliable in this form.
Your armour is entirely melded.
You are incapable of wielding weapons or throwing items.
((You are amphibious.))
((You cover ground slowly.))
((You can hop short distances.))
You have an extended range of vision and can be seen from far away.


Message History

You are outlined in light.
The gnoll is no longer moving quickly.
The gnoll shaman calls upon its god to speed up the gnoll.
The gnoll seems to speed up.
A centaur zombie comes into view.
It was a potion of curing.
You feel better.
Casting: Spider Form (dangerous; 24% risk of failure)
Confirm with . or Enter, or press ? or * to list all spells.
You miscast Spider Form.
You are very lightly contaminated with residual magic.
Nothing appears to happen.
The centaur zombie hits you. The centaur zombie kicks you.
The gnoll shaman barely misses you.
Unknown command.
Casting: Spider Form (dangerous; 24% risk of failure)
Confirm with . or Enter, or press ? or * to list all spells.
You turn into a venomous arachnid creature.
Your +0 robe melds into your body.
The gnoll is no longer moving quickly.
The gnoll closely misses you.
The centaur zombie closely misses you. x2
The gnoll completely misses you.
The gnoll shaman hits you but does no damage.
You bite the centaur zombie!
The centaur zombie is moderately damaged.
The centaur zombie closely misses you. x2
The gnoll hits you from afar with a +0 halberd!
* * * LOW HITPOINT WARNING * * *
The centaur zombie closely misses you.
The centaur zombie completely misses you.
You bite the centaur zombie!
The centaur zombie is severely damaged.
Your transformation is almost over.
The gnoll hits you from afar with a +0 halberd.
* * * LOW HITPOINT WARNING * * *
The gnoll shaman hits you with a +0 whip.
* * * LOW HITPOINT WARNING * * *
The centaur zombie barely misses you.
The centaur zombie kicks you but does no damage.
You hit the centaur zombie but do no damage.
The centaur zombie is severely damaged.
The gnoll hits you from afar with a +0 halberd.
You die...

###### ##################
#....# #sggggg....g.....g
#....# #Z################
#....# #.#
#....###########.#
.................##
#........####.....######
#....###..†..........[...
##...'.#..........######.
..)###.###........#


You could see a gnoll shaman, 4 gnolls and a centaur zombie.

Vanquished Creatures
  Grinder (D:6)
  A black bear (D:6)
  A sky beast (D:6)
  A necrophage (D:5)
  2 ogres
  A bullfrog (D:6)
  3 scorpions
  Blork the orc (D:6)
  A jelly (D:5)
  A water moccasin skeleton (D:6)
  4 orc wizards
  A hound skeleton (D:4)
  2 howler monkey zombies (D:6)
  A howler monkey skeleton (D:5)
  4 adders
  A worm (D:5)
  A dart slug (D:4)
  2 orcs (D:6)
  4 ball pythons
  4 endoplasms
  2 giant cockroaches
  5 goblins
  4 hobgoblins
  6 kobolds
  3 quokkas
  10 bats
  A rat (D:1)
68 creatures vanquished.

Notes
Turn   | Place    | Note
-------+----------+-------------------------------------------
     0 | D:1      | yokelz the Barachi Transmuter began the quest for the Orb.
     0 | D:1      | Reached XP level 1. HP: 15/15 MP: 3/3
   644 | D:1      | Reached XP level 2. HP: 21/21 MP: 3/5
  1851 | D:2      | Reached XP level 3. HP: 25/26 MP: 6/6
  2363 | D:2      | You fall into a shaft and drop 2 floors!
  2553 | D:4      | Noticed a black bear
  2592 | D:3      | Learned a level 3 spell: Spider Form
  2632 | D:3      | Reached XP level 4. HP: 25/32 MP: 7/7
  2792 | D:4      | Noticed an ogre
  2808 | D:4      | Killed an ogre
  2809 | D:4      | Reached skill level 4 in Unarmed Combat
  2809 | D:4      | Reached XP level 5. HP: 37/37 MP: 4/8
  2857 | D:4      | Noticed Pikel
  2857 | D:4      | Noticed a lemure
  2857 | D:4      | Noticed a lemure
  2860 | D:4      | Noticed a lemure
  2863 | D:5      | Entered Level 5 of the Dungeon
  2866 | D:5      | Found a glowing drain.
  2874 | D:5      | Reached skill level 5 in Unarmed Combat
  3122 | D:6      | Reached XP level 6. HP: 37/43 MP: 9/9
  3179 | D:6      | Noticed a sky beast
  3188 | D:6      | Killed a sky beast
  3189 | D:6      | Reached skill level 6 in Unarmed Combat
  3412 | D:6      | Found a runed translucent door.
  3413 | D:6      | Noticed Crazy Yiuf
  3614 | D:6      | Noticed Grinder
  3614 | D:6      | Paralysed by Grinder for 4 turns
  3635 | D:6      | Killed Grinder
  3636 | D:6      | Reached skill level 7 in Unarmed Combat
  3636 | D:6      | Reached XP level 7. HP: 43/48 MP: 7/10
  3644 | D:6      | Reached skill level 8 in Unarmed Combat
  4032 | D:6      | Noticed Blork the orc
  4051 | D:6      | Killed Blork the orc
  4550 | D:6      | Reached skill level 9 in Unarmed Combat
  4561 | D:6      | Reached XP level 8. HP: 52/54 MP: 8/11
  4589 | D:6      | Reached skill level 10 in Unarmed Combat
  5319 | D:5      | HP: 2/54 [gnoll shaman/+0 whip (5)]
  5320 | D:5      | Slain by a gnoll

Illustrated notes

Levels and vault maps discovered:
D:1:      tarquinn_simple_flora_water_a, layout_loops_ring,
          kennysheep_minor_cross, amcnicky_mini_pool_small
D:2:      layout_basic
D:3:      layout_loops_ring, hellmonk_ecumenical_altar_heavens_door
D:4:      layout_rooms, yredelemnul_altar_generic, minivault_25, uniq_pikel
D:5:      layout_basic, cheibrodos_sewer_entry_drain,
          minmay_a_box_with_orc_wizards_in_it, uniq_ijyb
D:6:      layout_basic, minmay_temple_entry_statues, abandoned_shop,
          grunt_decor_clamped, uniq_grinder, uniq_blork_the_orc,
          uniq_crazy_yiuf_cottage

Skill      XL: |  1  2  3  4  5  6  7  8 |
---------------+-------------------------+-----
Transmutations | 3 4 |  4.5
Unarmed Combat | 4 5 7 9 10 | 10.7
Fighting       | |  1.2
Dodging        | |  2.1
Spellcasting   | |  2.1

Action                   |  1- 3 |  4- 6 |  7- 9 || total
-------------------------+-------+-------+-------++-------
Melee: Unarmed           |   113 |    58 |    83 ||   254
       Kick              |    11 |     1 |       ||    12
       Punch             |     4 |     2 |     3 ||     9
       Headbutt          |    10 |     1 |       ||    11
 Cast: Beastly Appendage |    18 |     2 |       ||    20
       Spider Form       |       |     4 |    10 ||    14
Evoke: Wand              |       |       |     2 ||     2
  Use: Potion            |       |     2 |     2 ||     4
Armor: Robe              |    30 |     6 |     2 ||    38
       Skin              |       |     2 |     5 ||     7
Dodge: Dodged            |   101 |    42 |    82 ||   225
